 Dungeon Crawl Stone Soup version 0.29.1-14-g9c671dbff4 (webtiles) character file.

Game seed: 7127189770498890048

33087 DemonSlayer the Thaumaturge (level 13, -10/88 HPs)
             Began as a Demonspawn Earth Elementalist on Feb 13, 2023.
             Was a Follower of Jiyva.
             Mangled by a tyrant leech (25 damage)
             ... on level 5 of the Lair of Beasts on Feb 14, 2023.
             The game lasted 00:33:40 (13382 turns).

DemonSlayer the Thaumaturge (DsEE)                 Turns: 13382, Time: 00:33:44

Health: -10/88     AC:  8    Str: 18    XL:     13   Next: 34%
Magic:  11/29      EV: 18    Int: 16    God:    Jiyva [*.....]
Gold:   832        SH:  0    Dex: 15    Spells: 2/36 levels left

rFire   + . .      SeeInvis .   t - +8 short sword "Umoxyin" {flame, rPois rN+ Str+6 Dex-3}
rCold   . . .      Faith    .   (no shield)
rNeg    + . .      Spirit   .   w - +1 troll leather armour
rPois   +          Reflect  .   (no helmet)
rElec   .          Harm     .   (no cloak)
rCorr   .          Rampage  .   s - +0 pair of gloves
Will    .....                   C - +0 pair of boots
Stlth   ++........              n - amulet of magic regeneration
HPRegen 1.84/turn               m - ring of protection from fire
MPRegen 0.86/turn               a - +4 ring of evasion

@: lethally poisoned (-10 -> -11), very slow
A: thin skeletal structure 1, ignite blood 2, spiny 1, demonic touch 1
a: Renounce Religion


You were on level 5 of the Lair of Beasts.
You worshipped Jiyva.
Jiyva was aware of your devotion.
You visited 3 branches of the dungeon, and saw 15 of its levels.

You collected 832 gold pieces.

Inventory:

Hand Weapons
 t - the +8 short sword "Umoxyin" (weapon) {flame, rPois rN+ Str+6 Dex-3}
   (You found it on level 5 of the Dungeon)

   It burns those it strikes, dealing additional fire damage.
   Str:       It affects your strength (+6).
   Dex:       It affects your dexterity (-3).
   rPois:     It protects you from poison.
   rN:        It protects you from negative energy.
Armour
 s - a +0 pair of gloves (worn)
 w - a +1 troll leather armour (worn)
 C - a +0 pair of boots (worn)
Jewellery
 a - a +4 ring of evasion (right hand)
 m - a ring of protection from fire (left hand)
 n - an amulet of magic regeneration (around neck)
Wands
 j - a wand of flame (20)
 q - a wand of acid (14)
 u - a wand of iceblast (8)
 E - a wand of mindburst (4)
Scrolls
 c - 3 scrolls of butterflies
 k - a scroll of poison
 o - a scroll of summoning
 r - 3 scrolls of amnesia
 x - 2 scrolls of identify
 y - a scroll of enchant weapon
 z - a scroll of silence
 D - a scroll of blinking
 G - a scroll of immolation
 I - 2 scrolls of teleportation
Potions
 b - 2 potions of magic
 d - 3 potions of berserk rage
 e - 8 potions of curing
 f - a potion of brilliance {unknown}
 g - 3 potions of attraction
 h - 2 potions of ambrosia
 i - 6 potions of heal wounds {unknown}
 l - a potion of invisibility
 p - a potion of lignification {unknown}
 v - 3 potions of flight {unknown}
 A - a potion of resistance


   Skills:
 + Level 4.3 Fighting
 + Level 5.4 Short Blades
 + Level 1.8 Polearms
 + Level 0.1 Throwing
 + Level 5.1 Armour
 + Level 5.9 Dodging
 + Level 3.5 Stealth
 + Level 12.2 Spellcasting
 + Level 8.9 Conjurations
 + Level 1.0 Transmutations
 + Level 0.6 Fire Magic
 + Level 0.2 Air Magic
 + Level 11.2 Earth Magic
 + Level 0.4 Poison Magic
 + Level 1.9 Evocations


You had 2 spell levels left.
You knew the following spells:

 Your Spells              Type           Power      Damage    Failure   Level
a - Sandblast             Erth           90%        2d19      1%          1
b - Ignite Poison         Fire/Tmut/Pois 11%        N/A       21%         3
c - Mephitic Cloud        Conj/Pois/Air  20%        N/A       7%          3
d - Stone Arrow           Conj/Erth      84%        3d12      1%          3
e - Petrify               Tmut/Erth      29%        N/A       7%          4
f - Dazzling Flash        Conj/Hex       48%        N/A       4%          3
g - Passwall              Tmut/Erth      24%        N/A       1%          2
h - Sticky Flame          Conj/Fire      25%        2d5       12%         4
i - Lehudib's Crystal Sp  Conj/Erth      21%        10d6      100%        8
j - Summon Guardian Gole  Hex/Summ       9%         N/A       26%         3

Your spell library contained the following spells:

 Spells                   Type           Power      Damage    Failure   Level
 Apportation              Tloc           18%        N/A       9%          1
 Necrotise                Necr           36%        1d5       9%          1
 Summon Small Mammal      Summ           36%        N/A       9%          1
 Conjure Flame            Conj/Fire      25%        6-21      3%          3
 Animate Armour           Summ/Erth      54%        N/A       9%          4
 Leda's Liquefaction      Hex/Erth       13%        N/A       9%          4
 Flame Wave               Conj/Fire      25%        2d8       12%         4
 Call Canine Familiar     Summ           9%         N/A       26%         3
 Ozocubu's Armour         Ice            9%         N/A       26%         3
 Portal Projectile        Hex/Tloc       18%        N/A       26%         3
 Tukima's Dance           Hex            9%         N/A       26%         3
 Vampiric Draining        Necr           9%         2d6       26%         3
 Freezing Cloud           Conj/Ice/Air   9%         6-21      56%         5
 Blade Hands              Tmut           6%         N/A       85%         5
 Silence                  Hex/Air        5%         N/A       93%         5
 Agony                    Necr           9%         N/A       94%         5
 Metabolic Englaciation   Hex/Ice        4%         N/A       94%         5
 Summon Forest            Summ/Tloc      4%         N/A       94%         5
 Eringya's Noxious Bog    Tmut/Pois      6%         N/A       100%        6
 Simulacrum               Ice/Necr       4%         N/A       100%        6
 Summon Hydra             Summ           4%         N/A       100%        7


Dungeon Overview and Level Annotations

Branches:
Dungeon (9/15)             Temple (1/1) D:4            Lair (5/5) D:9
 Shoals (0/4) Lair:2       Spider (0/4) Lair:2        Slime (0/5) Lair:4
    Orc (0/2) D:9

Altars:
Ashenzari
Dithmenos
Gozag
Hepliaklqana
Kikubaaqudgha
Makhleb
Nemelex Xobeh
Okawaru
Qazlal
Ru
Sif Muna
Trog
Uskayaw
Vehumet
Wu Jian
Xom
Yredelemnul
Jiyva

Annotations:
D:6 2 runed translucent doors, Crazy Yiuf; sigtrap's ghost, novice HOFi


Innate Abilities, Weirdness & Mutations

You have a somewhat thin skeletal structure. (Dex +2, Stealth+)
Your demonic aura often causes spilled blood to erupt in flames.
You are partially covered in sharp spines.
Your touch may inflict minor irresistible damage on your foes.


Message History

Your unstable footing causes you to fumble your attack.
The cane toad completely misses you.
You hit the tyrant leech. You burn the tyrant leech.
The tyrant leech is lightly wounded.
The tyrant leech is struck by your spines.
The tyrant leech bites you!
The tyrant leech draws strength from your injuries!
The cane toad completely misses you.
Your unstable footing causes you to fumble your attack.
The tyrant leech is struck by your spines.
The tyrant leech completely misses you. The cane toad is struck by your spines.
The cane toad stings you.
You are poisoned.
The cane toad poisons you!
You hit the tyrant leech. You burn the tyrant leech.
Your touch misses the tyrant leech.
The tyrant leech is moderately wounded.
You feel very sick.
A vampire mosquito comes into view.
The cane toad misses you. The tyrant leech misses you.
You hear a distant slurping noise. x2
You miss the tyrant leech.
The vampire mosquito buzzes angrily.
Your touch misses the tyrant leech.
The tyrant leech is moderately wounded.
You feel very sick. The cane toad is struck by your spines.
The cane toad stings you.
Your unstable footing causes you to fumble your attack.
You feel very sick. The tyrant leech bites you!
* * * LOW HITPOINT WARNING * * *
The tyrant leech draws strength from your injuries!
The cane toad is struck by your spines. The cane toad completely misses you.
You hit the tyrant leech. You burn the tyrant leech.
The tyrant leech is moderately wounded.
You feel sick.
The cane toad stings you but does no damage.
The tyrant leech is struck by your spines.
The tyrant leech bites you!!
You die...

####..##.......# #
##~#~~.##.....P.###.
~~#~~≈~~.##.....P# .. .
~~~≈.~≈P.........##.##.#
P~≈≈~~~~................
≈~≈≈~~~~Py..............
≈≈≈≈≈~F........(........
~~≈~~~w@†.........$†....
~≈~≈≈~~.†.........†....#
≈≈~≈P~~~.~...P#..#######
≈~~~≈~...~.....###
~≈~~~~........## #####
~≈~.~..~....†#######....
~~~~....................
≈~..~...................
####................


You could see a tyrant leech, a cane toad and a vampire mosquito.

Vanquished Creatures
  Rupert (Lair:3)
  3 death yaks (Lair:3)
  6 hydras
  Pikel (D:8)
  2 merfolk sirens (Lair:2)
  5 elephants
  A black mamba (Lair:1)
  15 cane toads
  A rime drake (Lair:4)
  5 komodo dragons
  A kobold demonologist (D:9)
  A troll (D:5)
  A polar bear (Lair:3)
  A merfolk (Lair:2)
  Prince Ribbit (D:7)
  10 blink frogs (Lair:5)
  6 wyverns
  31 yaks
  6 basilisks
  4 culicivoras (Lair:2)
  3 vampire mosquitoes (Lair:5)
  An acid dragon (D:9)
  13 water moccasins
  2 black bears
  An ice beast (D:5)
  3 orc warriors
  3 sky beasts
  2 ogres
  2 centaurs
  15 wolves
  2 kobold brigands (D:8)
  A lemure (D:8)
  3 phantoms
  21 bullfrogs
  A gnoll sergeant (D:7)
  2 scorpions
  7 wights
  3 killer bees (D:7)
  6 howler monkeys
  4 electric eels
  3 hounds
  6 orc priests
  5 jellies
  4 iguanas
  12 orc wizards
  4 gnolls
  8 adders
  3 white imps
  A worm (D:3)
  3 dart slugs (D:2)
  35 orcs
  5 bats
  5 endoplasms
  2 giant cockroaches
  9 hobgoblins
  5 jackals
  16 kobolds
  2 quokkas
  10 ball pythons
  3 frilled lizards
  8 goblins
  4 rats
350 creatures vanquished.

Vanquished Creatures (others)
  A bullfrog (Lair:4)
  7 jellies
  A butterfly (D:8)
  69 fungi
  137 plants
215 creatures vanquished.

Grand Total: 565 creatures vanquished

Notes
Turn   | Place    | Note
-------+----------+-------------------------------------------
     0 | D:1      | DemonSlayer the Demonspawn Earth Elementalist began the
                  | quest for the Orb.
     0 | D:1      | Reached XP level 1. HP: 13/13 MP: 3/3
    59 | D:1      | You fall into a shaft and drop 1 floor!
    92 | D:2      | Gained mutation: You are partially covered in sharp spines.
                  | [demonic ancestry]
    92 | D:2      | Reached XP level 2. HP: 19/19 MP: 0/5
   461 | D:2      | Reached XP level 3. HP: 24/24 MP: 3/6
  1034 | D:3      | Gained mutation: Your demonic aura sometimes causes spilled
                  | blood to erupt in flames. [demonic ancestry]
  1034 | D:3      | Reached XP level 4. HP: 27/31 MP: 2/8
  1401 | D:3      | Found a faded altar of an unknown god.
  1561 | D:4      | Reached skill level 3 in Spellcasting
  1586 | D:4      | Found a staircase to the Ecumenical Temple.
  1607 | Temple   | Entered the Ecumenical Temple
  1796 | D:4      | Reached XP level 5. HP: 30/36 MP: 7/9
  1806 | D:4      | Noticed an ogre
  1812 | D:5      | Entered Level 5 of the Dungeon
  1860 | D:5      | Noticed a phantom
  1976 | D:5      | Killed a phantom
  1977 | D:5      | Reached XP level 6. HP: 27/42 MP: 9/11
  2039 | D:5      | Reached skill level 1 in Polearms
  2076 | D:5      | Noticed an ice beast
  2812 | D:5      | Killed an ice beast
  2813 | D:5      | Reached skill level 4 in Spellcasting
  2813 | D:5      | Reached skill level 5 in Earth Magic
  2901 | D:5      | Identified the +8 short sword "Umoxyin" {flame, rPois rN+
                  | Str+6 Dex-3}
  2946 | D:5      | Noticed a water moccasin
  2950 | D:5      | Killed a water moccasin
  2951 | D:5      | Reached skill level 1 in Fighting
  2951 | D:5      | Gained mutation: Your demonic aura often causes spilled
                  | blood to erupt in flames. [demonic ancestry]
  2951 | D:5      | Reached XP level 7. HP: 34/48 MP: 13/13
  3490 | D:5      | Learned a level 3 spell: Ignite Poison
  3494 | D:5      | Learned a level 3 spell: Mephitic Cloud
  3498 | D:5      | Learned a level 3 spell: Stone Arrow
  3503 | D:5      | Learned a level 4 spell: Petrify
  3516 | D:4      | Reached skill level 5 in Spellcasting
  3889 | D:4      | Got the Verses on the Salvo
  4653 | D:1      | Reached XP level 8. HP: 54/54 MP: 13/15
  5015 | D:6      | Noticed a troll
  5023 | D:5      | Killed a troll
  5024 | D:5      | Reached skill level 1 in Armour
  5665 | D:6      | Reached skill level 6 in Spellcasting
  5790 | D:6      | Found a runed translucent door.
  5794 | D:6      | Noticed sigtrap's ghost (novice HOFi)
  5856 | D:6      | Found a runed translucent door.
  5857 | D:6      | Noticed Crazy Yiuf
  6254 | D:6      | Learned a level 3 spell: Dazzling Flash
  6428 | D:7      | Reached skill level 1 in Short Blades
  6572 | D:7      | Gained mutation: You have a somewhat thin skeletal
                  | structure. (Dex +2, Stealth+) [demonic ancestry]
  6572 | D:7      | Reached XP level 9. HP: 25/61 MP: 16/19
  6703 | D:7      | Reached skill level 7 in Spellcasting
  6876 | D:7      | Learned a level 2 spell: Passwall
  7018 | D:7      | Noticed Prince Ribbit
  7022 | D:7      | Killed Prince Ribbit
  7923 | D:8      | Noticed Pikel
  8081 | D:8      | Reached skill level 1 in Conjurations
  8159 | D:8      | Killed Pikel
  8192 | D:8      | Reached skill level 8 in Spellcasting
  8338 | D:8      | Gained mutation: Your touch may inflict minor irresistible
                  | damage on your foes. [demonic ancestry]
  8338 | D:8      | Reached XP level 10. HP: 56/67 MP: 5/22
  8601 | D:8      | Learned a level 4 spell: Sticky Flame
  8676 | D:9      | Found a staircase to the Orcish Mines.
  9042 | D:9      | Noticed a soul eater
  9086 | D:9      | Reached skill level 9 in Spellcasting
  9182 | D:9      | Found a staircase to the Lair.
  9510 | Lair:1   | Entered Level 1 of the Lair of Beasts
  9520 | Lair:1   | Noticed a cane toad
  9524 | Lair:1   | Killed a cane toad
  9549 | Lair:1   | Noticed a black mamba
  9554 | Lair:1   | Killed a black mamba
  9637 | Lair:1   | Noticed a cane toad
  9641 | Lair:1   | Killed a cane toad
  9688 | Lair:1   | Reached XP level 11. HP: 73/73 MP: 8/24
  9798 | Lair:1   | Noticed a seven-headed hydra
  9807 | Lair:1   | Killed a seven-headed hydra
 10495 | Lair:2   | Reached skill level 10 in Spellcasting
 10569 | Lair:2   | Noticed a four-headed hydra
 10573 | Lair:2   | Reached skill level 5 in Conjurations
 10578 | Lair:2   | Killed a four-headed hydra
 10600 | Lair:2   | Reached skill level 10 in Earth Magic
 10870 | Lair:2   | Found a staircase to the Shoals.
 11126 | Lair:2   | Reached skill level 5 in Dodging
 11175 | Lair:2   | Found a hole to the Spider Nest.
 11306 | Lair:2   | Learned a level 8 spell: Lehudib's Crystal Spear
 11350 | Lair:3   | Noticed an eight-headed hydra
 11356 | Lair:3   | Killed an eight-headed hydra
 11357 | Lair:3   | Reached XP level 12. HP: 40/81 MP: 16/26
 11360 | Lair:3   | Reached skill level 5 in Short Blades
 11609 | Lair:3   | Reached skill level 11 in Spellcasting
 11658 | Lair:3   | Noticed a six-headed hydra
 11661 | Lair:3   | Noticed Rupert
 11662 | Lair:3   | Killed a six-headed hydra
 11662 | Lair:3   | Paralysed by Rupert for 2 turns
 11676 | Lair:3   | Killed Rupert
 11677 | Lair:3   | Reached skill level 1 in Evocations
 11896 | Lair:3   | Noticed a death yak
 11896 | Lair:3   | Noticed a death yak
 11899 | Lair:3   | Noticed a death yak
 11902 | Lair:3   | Killed a death yak
 11903 | Lair:3   | Reached skill level 1 in Transmutations
 11910 | Lair:3   | Killed a death yak
 11913 | Lair:3   | Killed a death yak
 12345 | Lair:4   | Found a staircase to the Slime Pits.
 12345 | Lair:4   | Found a viscous altar of Jiyva.
 12364 | Lair:4   | Became a worshipper of Jiyva Jewuim the Shapeless
 12605 | Lair:4   | Noticed a six-headed hydra
 12611 | Lair:4   | Killed a six-headed hydra
 12612 | Lair:4   | Reached XP level 13. HP: 64/88 MP: 15/28
 12617 | Lair:4   | Reached skill level 12 in Spellcasting
 13024 | Lair:4   | Reached * piety under Jiyva
 13151 | Lair:4   | Learned a level 3 spell: Summon Guardian Golem
 13180 | Lair:5   | Entered Level 5 of the Lair of Beasts
 13201 | Lair:5   | Reached skill level 5 in Armour
 13382 | Lair:5   | Mangled by a tyrant leech

Illustrated notes

Levels and vault maps discovered:
D:1:      saegor_arrival_fortress, layout_basic, serial_forest,
          infiniplex_forest_straight_1, infiniplex_forest_side_room,
          infiniplex_forest_clump_small, infiniplex_forest_pool,
          infiniplex_forest_clump_diagonal, infiniplex_forest_corner_2
D:2:      layout_loops_ring, dk_vineyard_1, due_unseen_surprise
D:3:      layout_rooms, shapermc_ecumenical_altar_mp_highgroup
D:4:      layout_cave_pools, minmay_temple_entry_offerings,
          kennysheep_small_square
D:5:      layout_gridville
D:6:      layout_rooms, ebering_ghost_reflecting_pool, nicolae_eternal_life,
          uniq_crazy_yiuf_cottage
D:7:      layout_loops_corners, chequers_big_river, uniq_prince_ribbit1
D:8:      layout_cave_pools, nicolae_elyvilon_peaceful_grove, uniq_pikel
D:9:      layout_layer_cave, due_lair_maze_entry_diamond, orc_0_dummy
Temple:   compressed_dpeg_circular_temple
Lair:1:   layout_layer_cave, patterned_corridor, grunt_megastairs_5
Lair:2:   layout_hall_layers, elwin_shoals_entry_rooms,
          hellmonk_spider_entry_life_and_decay
Lair:3:   layout_layer_cave, lemuel_fruit_fields, uniq_rupert
Lair:4:   layout_roguey, slime_entry_1, lightli_volcano_entry_magma_tube,
          minivault_11, grunt_forest_small_clearing_treed
Lair:5:   minmay_lair_end_frog_pond, layout_long_grid

Skill      XL: |  1  2  3  4  5  6  7  8  9 10 11 12 13 |
---------------+----------------------------------------+-----
Earth Magic    | 3 4 5 6 7 8 9 10 11 | 11.2
Spellcasting   | 3 4 5 6 8 9 10 11 12 | 12.2
Dodging        | 2 3 4 5 |  5.9
Polearms       | 1 |  1.8
Stealth        | 2 3 |  3.5
Fighting       | 1 2 3 4 |  4.3
Armour         | 2 3 4 5 |  5.1
Short Blades   | 1 2 4 5 |  5.4
Conjurations   | 1 4 5 7 8 |  8.9
Evocations     | 1 |  1.9
Transmutations | 1 |  1.0
Throwing       | |  0.1
Fire Magic     | |  0.6
Air Magic      | |  0.2
Poison Magic   | |  0.4

Action                   |  1- 3 |  4- 6 |  7- 9 | 10-12 | 13-15 || total
-------------------------+-------+-------+-------+-------+-------++-------
Melee: Unarmed           |     3 |     1 |       |       |       ||     4
       Glaive            |       |    10 |       |       |       ||    10
       Short sword       |       |       |    31 |    96 |    24 ||   151
       Touch             |       |       |       |    15 |     2 ||    17
       Punch             |       |       |       |       |     1 ||     1
Throw: Throwing net      |       |       |       |     1 |       ||     1
 Cast: Sandblast         |    34 |    41 |   130 |       |       ||   205
       Stone Arrow       |       |       |    31 |   239 |    62 ||   332
       Mephitic Cloud    |       |       |       |     2 |       ||     2
Evoke: Wand              |       |       |       |     4 |       ||     4
  Use: Potion            |       |     1 |     1 |       |       ||     2
       Scroll            |       |       |    10 |    10 |       ||    20
 Stab: Sleeping          |     1 |       |       |       |       ||     1
Armor: Robe              |     2 |     7 |       |       |       ||     9
       Leather armour    |       |       |     9 |       |       ||     9
       Troll leather arm |       |       |    18 |    43 |    13 ||    74
Dodge: Dodged            |     7 |     9 |    82 |   160 |    43 ||   301
